 Dungeon Crawl Stone Soup version 0.26-a0-519-gb2f46efeda (webtiles) character file.

Game seed: 7630269830200310911

195202 dogbrainedIDIOT the Deadly Accurate (level 18, -3/114 HPs)
             Began as a Barachi Hunter on Aug 9, 2020.
             Was the Champion of Cheibriados.
             Slain by a deep troll (24 damage)
             ... on level 1 of the Depths on Aug 10, 2020.
             The game lasted 04:04:27 (49428 turns).

dogbrainedIDIOT the Deadly Accurate (BaHu)         Turns: 49428, Time: 04:04:28

Health: -3/114     AC: 24    Str: 30    XL:     18   Next: 33%
Magic:  25/25      EV: 20    Int: 33    God:    Cheibriados [******]
Gold:   2001       SH: 21    Dex: 28    Spells: 6/21 levels left

rFire    + . .     SeeInvis +   a - +3 hunting sling "Komaid" {freeze, rC+ SInv}
rCold    + + .     Faith    .   L - +0 kite shield
rNeg     . . .     Spirit   .   g - +3 chain mail {rF+}
rPois    .         Reflect  +   D - +0 helmet
rElec    .         Harm     .   x - +1 cloak
rCorr    .                      k - +2 pair of gloves
MR       +....                  t - +0 pair of boots
Stlth    ..........             K - amulet of reflection
HPRegen  0.29/turn              F - ring of protection from cold
MPRegen  0.19/turn              v - +4 ring of evasion

@: can't hop, very slow
A: +LOS, swims, slowness 1, strong legs 2
}: 1/15 runes: decaying
a: Hop, Bend Time, Temporal Distortion, Slouch, Step From Time, Renounce
Religion


You were on level 1 of the Depths.
You worshipped Cheibriados.
Cheibriados was exalted by your worship.
You visited 6 branches of the dungeon, and saw 29 of its levels.
You also visited: Volcano.

You collected 4651 gold pieces.
You spent 2650 gold pieces at shops.

Inventory:

Hand Weapons
 a - the +3 hunting sling "Komaid" (weapon) {freeze, rC+ SInv}
   (You found it on level 10 of the Dungeon)

   It causes projectiles fired from it to freeze those they strike, causing
   extra injury to most foes and up to half again as much damage against
   particularly susceptible opponents.
   They can also slow down cold-blooded creatures.
   It protects you from cold.
   It lets you see invisible.
 S - the +1 hunting sling of War {vorpal, rElec rC+ rN+ MR+}
   (You found it on level 3 of the Lair of Beasts)

   Any stone fired from it inflicts extra damage.
   It protects you from cold.
   It insulates you from electricity.
   It protects you from negative energy.
   It affects your resistance to hostile enchantments.
Missiles
 i - 17 curare-tipped darts
 l - 442 stones
 r - 92 poisoned darts
 A - 32 sling bullets (quivered)
 N - 2 throwing nets
 U - 17 boomerangs
Armour
 g - a +3 chain mail of fire resistance (worn)
 k - a +2 pair of gloves (worn)
 t - a +0 pair of boots (worn)
 x - a +1 cloak (worn)
 D - a +0 helmet (worn)
 L - a +0 kite shield (worn)
Jewellery
 b - an uncursed ring of poison resistance
 e - an uncursed ring of protection from fire
 m - a +4 ring of protection
 v - a +4 ring of evasion (right hand)
 F - a ring of protection from cold (left hand)
 K - an amulet of reflection (around neck)
 O - an uncursed ring of protection from magic
 X - an uncursed ring of resist corrosion
Wands
 B - a wand of acid (48)
 G - a wand of iceblast (12)
 H - a wand of paralysis (13)
 P - a wand of digging (5)
 Y - a wand of enslavement (15)
Scrolls
 d - a scroll of summoning
 f - 23 scrolls of teleportation
 h - 20 scrolls of remove curse
 n - 4 scrolls of magic mapping
 p - 5 scrolls of blinking
 q - 2 scrolls of fog
 y - 5 scrolls of fear
 C - a scroll of torment
 Q - 7 scrolls of identify
Potions
 j - a potion of resistance
 u - 2 potions of cancellation
 z - 11 potions of curing
 E - a potion of ambrosia
 I - 7 potions of might
 J - 3 potions of heal wounds
 R - a potion of magic
 T - a potion of stabbing
 V - 3 potions of invisibility
 W - 3 potions of brilliance
Miscellaneous
 o - a tin of tremorstones (3/3)


   Skills:
 - Level 2.4 Fighting
 - Level 16.0 Throwing
 - Level 11.0 Armour
 + Level 7.7 Dodging
 - Level 0.8 Stealth
 - Level 15.0 Shields
 - Level 2.0 Spellcasting
 * Level 10.1 Hexes
 + Level 10.4 Summonings
 * Level 11.3 Ice Magic
 - Level 10.0 Invocations
 - Level 10.0 Evocations


You had 6 spell levels left.
You knew the following spells:

 Your Spells              Type           Power        Failure   Level
a - Call Imp              Summ           ######..     1%          2
b - Metabolic Englaciati  Hex/Ice        ######....   9%          5
c - Summon Lightning Spi  Summ/Air       #####...     28%         4
d - Summon Ice Beast      Ice/Summ       ######..     2%          4

Your spell library contained the following spells:

 Spells                   Type           Power        Failure   Level
 Corona                   Hex            ######.      1%          1
 Freeze                   Ice            ####         1%          1
 Summon Small Mammal      Summ           ####         1%          1
 Slow                     Hex            ######..     1%          2
 Call Canine Familiar     Summ           ######..     1%          3
 Confusing Touch          Hex            ######..     1%          3
 Summon Guardian Golem    Hex/Summ       ######..     1%          3
 Animate Skeleton         Necr           #.....       24%         1
 Apportation              Tloc           #.....       24%         1
 Magic Dart               Conj           #...         24%         1
 Shock                    Conj/Air       #...         24%         1
 Sting                    Tmut/Pois      #...         24%         1
 Ice Form                 Ice/Tmut       #####...     24%         4
 Leda's Liquefaction      Hex/Erth       #####.....   30%         4
 Ozocubu's Refrigeration  Ice            ######....   34%         6
 Blink                    Tloc           N/A          36%         2
 Poisonous Vapours        Pois/Air       #.....       36%         2
 Swiftness                Air            #.......     36%         2
 Conjure Flame            Conj/Fire      #.......     58%         3
 Gell's Gravitas          Tloc           #.........   58%         3
 Ignite Poison            Fire/Tmut/Pois #.......     58%         3
 Mephitic Cloud           Conj/Pois/Air  #.......     58%         3
 Static Discharge         Conj/Air       #.......     58%         3
 Yara's Violent Unravell  Hex/Tmut       #####.....   63%         5
 Airstrike                Air            #.........   94%         4
 Petrify                  Tmut/Erth      #.......     94%         4
 Simulacrum               Ice/Necr       #####.....   98%         6
 Bolt of Magma            Conj/Fire/Erth #.........   100%        5
 Lightning Bolt           Conj/Air       #.........   100%        5
 Freezing Cloud           Conj/Ice/Air   ####......   100%        6
 Iron Shot                Conj/Erth      #.........   100%        6
 Statue Form              Tmut/Erth      #........    100%        6
 Chain Lightning          Conj/Air       #.........   100%        8
 Lehudib's Crystal Spear  Conj/Erth      #.........   100%        8
 Absolute Zero            Ice            ######....   100%        9
 Fire Storm               Conj/Fire      #.........   100%        9
 Shatter                  Erth           #.........   100%        9


Dungeon Overview and Level Annotations

Branches:
Dungeon (15/15) Temple (1/1) D:4 Lair (6/6) D:8 Swamp (4/4) Lair:3 Snake (0/4) Lair:3 Slime (0/5) Lair:6 Orc (2/2) D:11 Elf (0/3) Orc:2 Vaults (0/5) D:12 D:13 Depths (1/5) D:15 Volcano (visited)

Altars:
Ashenzari
Cheibriados
Elyvilon
Fedhas
Makhleb
Nemelex Xobeh
Qazlal
Ru
Uskayaw
Xom
The Shining One
Beogh

Shops:
D:7 [   D:11 }   D:14 *   D:15 }   Orc:2 ?*![

Annotations:
D:4 exclusion: downstairs
D:12 exclusion: downstairs


Innate Abilities, Weirdness & Mutations

You can be seen from farther away. (+LOS)
You can swim through water.
You cover ground slowly.
You can hop long distances.


Message History

The sling bullet freezes the deep troll.
The deep troll is moderately wounded.
You block the deep troll's attack. x3; The deep troll misses you.
The deep troll claws you! You block the deep troll's attack.
Firing (i - inventory. (/) - cycle)
A - 33 sling bullets (quivered)
Press: ? - help, Shift-Dir - straight line, f/p - deep troll
Aim: a deep troll (severely wounded, strong)
You shoot a sling bullet.
The sling bullet hits the deep troll but does no damage.
The deep troll is severely wounded.
The deep troll bites you but does no damage.
You block the deep troll's attack. x2
You block the deep troll shaman's attack.
The deep troll shaman claws you.
* * * LOW HITPOINT WARNING * * *
You block the deep troll shaman's attack.
You block the deep troll's attack. The deep troll claws you!
* * * LOW HITPOINT WARNING * * *
The deep troll claws you!!
You die...

....... ...####
##############...#xx[
.......(.........#xxx
..?............$.#xxx
.........T.......####
........@TT..........
.........T..(........
.......!...(.........
.?.....?.............
............^...(....
########...##########
#...# #...# #####


You could see 3 deep trolls and a deep troll shaman (strong).

Vanquished Creatures
  Rupert (Lair:3)
  A thorn hunter (Swamp:3)
  An orc warlord (Orc:2)
  The ghost of Kyth the Severer, a journeyman MiFi of Makhleb (D:15)
  A stone giant (Depths:1)
  A very ugly thing (D:15)
  An ettin (D:15)
  2 fire dragons
  Fannar (D:11)
  2 ogre magi
  A rakshasa (D:14)
  22 hydras
  3 shambling mangroves (Swamp:4)
  A ghost crab (Swamp:3)
  7 centaur warriors
  14 two-headed ogres
  10 alligators
  6 death yaks (Lair:6)
  2 tengu warriors (D:14)
  2 deep troll shamans (Depths:1)
  2 deep troll earth magi (Depths:1)
  Urug (D:11)
  A shock serpent (shapeshifter) (Depths:1)
  Sonja (Lair:1)
  7 spriggans
  4 deep trolls
  A fire crab (D:14)
  A flayed ghost (Depths:1)
  5 spriggan druids
  5 unseen horrors
  2 wizards (D:14)
  A glowing orange brain (D:14)
  A lindwurm (Lair:6)
  14 swamp dragons
  3 deep elf archers
  2 ugly things (D:13)
  6 orc knights
  A wolf spider zombie (D:15)
  A wolf spider (D:14)
  5 deep elf magi
  4 manticores
  12 orc sorcerers
  A cyclops (D:14)
  3 elephants (Lair:5)
  3 centaur zombies
  3 gargoyles
  3 molten gargoyles (Lair:6)
  A torpor snail (Swamp:4)
  A salamander (Volcano)
  4 black mambas
  11 cane toads
  3 rime drakes
  A yaktaur (D:14)
  A rime drake (shapeshifter) (D:15)
  A kobold demonologist (D:14)
  11 komodo dragons
  2 freezing wraiths
  2 tengu conjurers (D:14)
  A queen bee (Lair:2)
  A harpy zombie (D:15)
  13 tyrant leeches
  5 trolls
  9 hornets
  14 bog bodies
  13 blink frogs
  16 slime creatures
  11 hippogriffs
  3 shadows
  A tarantella (shapeshifter) (D:14)
  2 wraiths (D:15)
  Sigmund (D:2)
  2 wyverns (Lair:6)
  A centaur simulacrum (D:14)
  25 yaks
  2 steam dragons
  15 humans
  5 basilisks
  33 vampire mosquitoes
  9 wargs
  Menkaure (D:6)
  3 nagas (Lair:3)
  22 swamp worms
  20 insubstantial wisps
  An acid dragon (D:11)
  8 hell hounds
  Duvessa (D:5)
  5 porcupines
  10 water moccasins
  17 swamp drakes
  5 ice beasts
  22 orc warriors
  3 black bears
  12 ogres
  A necrophage (D:7)
  An eye of draining (D:13)
  2 sky beasts
  3 wolves (Lair:3)
  17 centaurs
  8 crocodiles
  2 big kobolds (D:13)
  Blork the orc (D:5)
  2 wyvern zombies
  11 bullfrogs
  Dowan (D:5)
  A water moccasin zombie (D:10)
  6 scorpions
  38 killer bees
  13 wights
  An electric eel (Lair:4)
  2 howler monkeys
  5 lava snakes (Lair:6)
  2 bullfrog zombies (D:9)
  2 quasits
  7 hounds
  3 jellies
  A gnoll shaman (D:10)
  16 orc priests
  A bullfrog skeleton (D:13)
  53 orc wizards
  3 centaur skeletons
  2 iguanas
  Crazy Yiuf (D:2)
  Ijyb (D:5)
  Natasha (thrice) (D:3)
  Terence (D:3)
  8 worker ants
  A hound zombie (D:11)
  9 gnolls
  19 adders
  2 shadow imps
  6 white imps
  An ufetubus (D:7)
  3 oozes
  3 worms
  6 dart slugs
  4 leopard geckos
  109 orcs
  3 ball pythons
  4 giant cockroaches
  3 goblins
  5 hobgoblins
  10 jackals
  2 quokkas (D:9)
  4 bats
  3 frilled lizards
  19 kobolds
  2 leopard gecko skeletons
  A quokka skeleton (D:6)
  7 rats
  A fungus (Lair:5)
  5 plants
974 creatures vanquished.

Vanquished Creatures (collateral kills)
  A cyclops (D:15)
  A komodo dragon (D:15)
  An orc warrior (Orc:2)
  An eye of draining (D:15)
  2 bullfrogs (D:15)
6 creatures vanquished.

Vanquished Creatures (others)
  A vampire (D:14)
  An orc (Orc:2)
  A bush (Lair:6)
  14 fungi
  15 plants
32 creatures vanquished.

Grand Total: 1012 creatures vanquished

Notes
Turn   | Place    | Note
-------+----------+-------------------------------------------
     0 | D:1      | dogbrainedIDIOT the Barachi Hunter began the quest for the
                  | Orb.
     0 | D:1      | Reached XP level 1. HP: 17/17 MP: 1/1
   467 | D:1      | Reached XP level 2. HP: 21/23 MP: 2/2
  1523 | D:2      | Found a blossoming altar of Fedhas.
  1528 | D:2      | Reached XP level 3. HP: 28/28 MP: 3/3
  1567 | D:2      | Reached skill level 5 in Throwing
  1898 | D:2      | Noticed Sigmund
  2212 | D:3      | Noticed Terence
  2498 | D:3      | Reached XP level 4. HP: 34/34 MP: 4/4
  2687 | D:3      | Killed Terence
  3023 | D:3      | Reached skill level 6 in Throwing
  3047 | D:3      | Noticed Natasha
  3079 | D:3      | Killed Natasha
  3079 | D:3      | Reached XP level 5. HP: 34/39 MP: 5/5
  3190 | D:3      | Noticed Natasha
  3266 | D:3      | Killed Natasha
  3802 | D:4      | Found a staircase to the Ecumenical Temple.
  3814 | Temple   | Entered the Ecumenical Temple
  3823 | Temple   | Became a worshipper of Cheibriados the Contemplative
  3925 | D:4      | Reached skill level 7 in Throwing
  3951 | D:4      | Reached XP level 6. HP: 46/46 MP: 6/6
  4037 | D:3      | Reached skill level 1 in Armour
  4342 | D:3      | Noticed Natasha
  4565 | D:3      | Killed Natasha
  5040 | D:5      | Entered Level 5 of the Dungeon
  5069 | D:5      | Noticed Duvessa
  5069 | D:5      | Noticed Dowan
  5771 | D:2      | Killed Sigmund
  5771 | D:2      | Reached skill level 8 in Throwing
  5771 | D:2      | Reached XP level 7. HP: 32/51 MP: 7/7
  6047 | D:2      | Found a runed translucent door.
  6048 | D:2      | Noticed Crazy Yiuf
  6597 | D:2      | Killed Crazy Yiuf
  6813 | D:4      | Found a staircase to the Ecumenical Temple.
  7297 | D:5      | Killed Duvessa
  7302 | D:5      | Killed Dowan
  7302 | D:5      | Reached skill level 5 in Armour
  7302 | D:5      | Reached XP level 8. HP: 44/57 MP: 8/8
  7405 | D:5      | Noticed Ijyb
  7427 | D:5      | Killed Ijyb
  7954 | D:5      | Reached * piety under Cheibriados
  8296 | D:5      | Noticed Blork the orc
  8308 | D:5      | Killed Blork the orc
  8308 | D:5      | Reached skill level 9 in Throwing
  8692 | D:6      | Noticed Menkaure
  8699 | D:6      | Killed Menkaure
  8950 | D:6      | Reached skill level 10 in Throwing
  9504 | D:6      | Reached skill level 1 in Invocations
  9504 | D:6      | Reached XP level 9. HP: 60/62 MP: 8/10
  9507 | D:6      | Reached ** piety under Cheibriados
  9890 | D:6      | Got a shimmering dagger
  9890 | D:6      | Identified the +5 dagger "Reusyar" {flame, rElec Str+4
                  | Dex+4} (You found it on level 6 of the Dungeon)
 10201 | D:6      | Reached skill level 1 in Shields
 10883 | D:7      | Found Jomawez's Armour Shop.
 10973 | D:7      | Reached *** piety under Cheibriados
 11161 | D:7      | Found a stormy altar of Qazlal.
 11162 | D:7      | Found a transporter.
 11173 | D:7      | Found a transporter.
 11174 | D:7      | Found a sparkling altar of Nemelex Xobeh.
 11174 | D:7      | Noticed a manticore
 11447 | D:7      | Found a burning altar of Makhleb.
 11499 | D:7      | Reached skill level 11 in Throwing
 11587 | D:7      | Identified the Almanac of Mastery
 12100 | D:7      | Reached skill level 5 in Shields
 12100 | D:7      | Reached skill level 5 in Invocations
 12100 | D:7      | Reached XP level 10. HP: 25/67 MP: 13/13
 12678 | D:8      | Found a staircase to the Lair.
 12976 | D:8      | Reached **** piety under Cheibriados
 13208 | D:8      | Found a sacrificial altar of Ru.
 13281 | D:8      | Got a glimmering leather armour
 13291 | D:8      | Identified the cursed +0 leather armour "Eteebb" {+Blink
                  | rPois rF+} (You found it on level 8 of the Dungeon)
 13853 | D:9      | Noticed a two-headed ogre
 13862 | D:9      | Killed a two-headed ogre
 13988 | D:9      | Reached ***** piety under Cheibriados
 14058 | D:9      | Noticed a manticore
 14071 | D:9      | Killed a manticore
 14418 | D:9      | Found a shattered altar of Ashenzari.
 14706 | D:9      | Found a white marble altar of Elyvilon.
 15059 | D:10     | Entered Level 10 of the Dungeon
 15624 | D:10     | Got a fine hunting sling
 15625 | D:10     | Identified the cursed +3 hunting sling "Komaid" {freeze,
                  | rC+ SInv} (You found it on level 10 of the Dungeon)
 16035 | D:10     | Reached XP level 11. HP: 51/72 MP: 16/16
 16861 | Lair:1   | Entered Level 1 of the Lair of Beasts
 16862 | Lair:1   | Noticed Sonja
 16879 | Lair:1   | Killed Sonja
 17036 | Lair:1   | You fall into a shaft and drop 1 floor!
 17223 | Lair:2   | Noticed an eight-headed hydra
 17231 | Lair:2   | Killed an eight-headed hydra
 17231 | Lair:2   | Reached skill level 12 in Throwing
 17301 | Lair:1   | Found a dark tunnel.
 17309 | Volcano  | Entered a volcano
 17463 | Volcano  | Noticed a two-headed ogre
 17479 | Volcano  | Killed a two-headed ogre
 17481 | Volcano  | Noticed a two-headed ogre
 17536 | Volcano  | Killed a two-headed ogre
 17554 | Volcano  | Reached skill level 10 in Shields
 17839 | Volcano  | Noticed a salamander
 17854 | Volcano  | Killed a salamander
 19661 | Lair:2   | Reached ****** piety under Cheibriados
 19940 | Lair:2   | Reached XP level 12. HP: 79/79 MP: 18/18
 20384 | Lair:3   | Noticed Rupert
 20939 | Lair:3   | Found a staircase to the Swamp.
 20972 | Lair:3   | HP: 2/80 [Rupert/+3 battleaxe of freezing (10)]
 20975 | Lair:3   | Killed Rupert
 20975 | Lair:3   | Reached skill level 13 in Throwing
 21387 | Lair:3   | Got a warped hunting sling
 21387 | Lair:3   | Identified the cursed +1 hunting sling of War {vorpal,
                  | rElec rC+ rN+ MR+} (You found it on level 3 of the Lair of
                  | Beasts)
 21497 | Lair:3   | Found a staircase to the Snake Pit.
 22576 | Lair:4   | Noticed a five-headed hydra
 22587 | Lair:4   | Killed a five-headed hydra
 23956 | Lair:5   | Found a glowing golden altar of the Shining One.
 24071 | Lair:5   | Gained mutation: You can hop long distances. [Barachi
                  | growth]
 24071 | Lair:5   | Reached XP level 13. HP: 70/85 MP: 19/19
 25183 | Lair:6   | Entered Level 6 of the Lair of Beasts
 25220 | Lair:6   | Found a large runed translucent door.
 25752 | D:11     | Found a staircase to the Orcish Mines.
 26220 | D:11     | Found Riryat's Gadget Shop.
 26239 | D:11     | Noticed Fannar
 26282 | D:11     | Killed Fannar
 26282 | D:11     | Reached skill level 14 in Throwing
 26709 | D:11     | Noticed Urug
 26731 | D:11     | Killed Urug
 27736 | D:13     | Found a gate to the Vaults.
 28933 | Lair:6   | Reached skill level 15 in Shields
 29215 | Lair:6   | Found a staircase to the Slime Pits.
 30009 | Lair:6   | Reached skill level 15 in Throwing
 30009 | Lair:6   | Reached XP level 14. HP: 81/91 MP: 20/20
 30709 | Lair:6   | Reached skill level 1 in Evocations
 30869 | Lair:6   | Found a large runed translucent door.
 30962 | Lair:6   | Reached skill level 10 in Armour
 32135 | Swamp:1  | Entered Level 1 of the Swamp
 32235 | D:7      | Bought a +0 pair of gloves for 58 gold pieces
 34666 | Swamp:2  | Found a shimmering altar of Xom.
 34728 | Swamp:2  | Reached skill level 5 in Evocations
 36289 | Swamp:2  | Reached XP level 15. HP: 96/96 MP: 20/22
 36474 | Swamp:3  | Noticed a thorn hunter
 36508 | Swamp:3  | Killed a thorn hunter
 36508 | Swamp:3  | Reached skill level 16 in Throwing
 36508 | Swamp:3  | Reached XP level 16. HP: 56/102 MP: 23/23
 36516 | Swamp:2  | Learned a level 2 spell: Call Imp
 36522 | Swamp:2  | Learned a level 5 spell: Metabolic Englaciation
 36527 | Swamp:2  | Learned a level 4 spell: Summon Lightning Spire
 36532 | Swamp:2  | Learned a level 4 spell: Summon Ice Beast
 36713 | Swamp:3  | Reached skill level 1 in Summonings
 37652 | Swamp:3  | Reached skill level 10 in Invocations
 38021 | Swamp:4  | Entered Level 4 of the Swamp
 38055 | Swamp:3  | Reached skill level 5 in Summonings
 38253 | Swamp:4  | Reached skill level 1 in Ice Magic
 38253 | Swamp:4  | Reached skill level 1 in Hexes
 38346 | Swamp:3  | Reached skill level 10 in Evocations
 39096 | Swamp:4  | Reached skill level 5 in Ice Magic
 40423 | Swamp:4  | Got a decaying rune of Zot
 41007 | Lair:6   | Reached skill level 5 in Hexes
 41039 | Lair:6   | Identified a scroll of acquirement
 41040 | Lair:6   | Acquired 1720 gold pieces
 41289 | D:11     | Bought a wand of acid (7) for 396 gold pieces
 41289 | D:11     | Bought a box of beasts (3/3) for 360 gold pieces
 41336 | Orc:1    | Entered Level 1 of the Orcish Mines
 41549 | Orc:1    | You fall into a shaft and drop 1 floor!
 41549 | Orc:2    | Entered Level 2 of the Orcish Mines
 41763 | Orc:2    | Found a roughly hewn altar of Beogh.
 42058 | Orc:2    | Reached XP level 17. HP: 85/107 MP: 24/24
 42171 | Orc:2    | Found a staircase to the Elven Halls.
 42276 | Orc:2    | Paralysed by an orc sorcerer for 6 turns
 42287 | Orc:1    | Upgraded the game from 0.26-a0-505-g732bf3b8d2 to
                  | 0.26-a0-519-gb2f46efeda
 42442 | Orc:1    | Found a roughly hewn altar of Beogh.
 43020 | Orc:2    | Found Ijo Wiv's General Store.
 43051 | Orc:2    | Found Tunenof's Magic Scroll Boutique.
 43082 | Orc:2    | Bought a scroll of blinking for 75 gold pieces
 43082 | Orc:2    | Bought a scroll of fear for 35 gold pieces
 43082 | Orc:2    | Bought a scroll of teleportation for 30 gold pieces
 43082 | Orc:2    | Bought a scroll of fear for 35 gold pieces
 43093 | Orc:2    | Bought a scroll of summoning for 123 gold pieces
 43093 | Orc:2    | Bought a scroll of fear for 45 gold pieces
 43093 | Orc:2    | Bought a scroll of teleportation for 39 gold pieces
 43335 | Orc:2    | Reached skill level 5 in Dodging
 43363 | Orc:2    | Found Rocoj's Antique Armour Emporium.
 43373 | Orc:2    | Bought a pair of runed gloves for 195 gold pieces
 43388 | Orc:2    | Found Cyomn's Distillery.
 43414 | Orc:2    | Bought a potion of curing for 54 gold pieces
 43414 | Orc:2    | Bought a potion of curing for 54 gold pieces
 43414 | Orc:2    | Bought a potion of curing for 54 gold pieces
 43414 | Orc:2    | Bought a potion of curing for 54 gold pieces
 46354 | D:14     | Got a pitted tin amulet
 46826 | D:14     | Found Loxtucs's Assorted Antiques.
 46829 | D:14     | Bought a wand of iceblast (11) for 116 gold pieces
 46829 | D:14     | Bought a scroll of teleportation for 87 gold pieces
 47494 | D:15     | Entered Level 15 of the Dungeon
 47499 | D:15     | Reached skill level 10 in Ice Magic
 47514 | D:14     | Identified the amulet of the Queen {Acrobat rC+ Dex+3} (You
                  | found it on level 14 of the Dungeon)
 47643 | D:15     | Found a staircase to the Depths.
 47819 | D:15     | Reached skill level 10 in Summonings
 47850 | D:15     | Reached XP level 18. HP: 114/114 MP: 25/25
 48222 | D:15     | Found a runed translucent gate.
 48459 | D:15     | Found Tutz's Gadget Emporium.
 48484 | D:15     | Bought a wand of acid (11) for 450 gold pieces
 48484 | D:15     | Bought a wand of acid (9) for 390 gold pieces
 48735 | D:15     | Found a runed translucent gate.
 48735 | D:15     | Found a runed translucent gate.
 48736 | D:15     | Noticed Kyth's ghost (journeyman MiFi)
 48986 | D:15     | Killed Kyth's ghost
 48986 | D:15     | Reached skill level 1 in Spellcasting
 49102 | Depths:1 | Entered Level 1 of the Depths
 49138 | Depths:1 | Reached skill level 10 in Hexes
 49428 | Depths:1 | Slain by a deep troll

Illustrated notes

Levels and vault maps discovered:
D:1:      dpeg_arrival_short_road, layout_basic, serial_forest,
          infiniplex_forest_pool, infiniplex_forest_end_1,
          infiniplex_forest_zigzag_2, infiniplex_forest_lined_2,
          infiniplex_forest_3_way, infiniplex_forest_clump_double,
          infiniplex_forest_straight_3, infiniplex_forest_lined_room_,
          hangedman_decor_diamond_cutter, minmay_pentomino_t4
D:2:      layout_loops_ring, overflow_temple_1_default, uniq_sigmund,
          uniq_crazy_yiuf_cottage
D:3:      layout_loops_ring, saegor_snake_ambush, uniq_terence, uniq_natasha
D:4:      layout_basic, minmay_temple_entry_statues_pillars
D:5:      layout_loops_cross, item_on_display_a, uniq_ijyb, uniq_blork_the_orc,
          uniq_duvessa
D:6:      layout_loops_ring, kennysheep_small_spiral, grunt_decor_fettered,
          uniq_menkaure
D:7:      layout_loops_ring, gammafunk_temple_overflow_arena,
          makhleb_heckhound_becter, serial_shops, shop,
          minmay_misc_feat_more_columns
D:8:      layout_cave_pools, lemuel_crystal_altar, erik_lair_orcish_takeover
D:9:      layout_stronghold, elyvilon_altar_3, ashenzari_altar_1
D:10:     layout_layer_cave, serial_co_window_serial,
          co_window_of_opportunity_a, co_window_paths_b, co_window_paths_b,
          co_window_corner_a, co_window_paths_a, co_window_corner_a,
          co_window_paths_c, co_window_2corner, co_window_unsneaky_path_c,
          glass_columns_a, glass_columns_c, glass_columns_b, glass_columns_a
D:11:     layout_roguey, orc_0_dummy, serial_shops, kennysheep_little_box,
          nicolae_wwwww, uniq_fannar, uniq_urug
D:12:     layout_roguey
D:13:     layout_long_grid, david_vaults_3
D:14:     minmay_the_grid_3x3 [minmay_the_grid_zigzag_pyramid,
          minmay_the_grid_doors, minmay_the_grid_tree,
          minmay_the_grid_pillar_ring, minmay_the_grid_stretched_grid,
          minmay_the_grid_aliased_spiral, minmay_the_grid_box_x,
          minmay_the_grid_gridbox,
          minmay_the_grid_prize_four_corners_diamond_a], layout_gridville,
          serial_shops, kennysheep_mini_moat, minivault_28
D:15:     hangedman_depths_entry_civil_slaughter, layout_cave_pools,
          serial_shops, shop, hangedman_decor_lopped, ebering_ghost_rock_garden,
          kb_rosetta
Temple:   regret_index_temple_waves
Lair:1:   layout_regular_city, nicolae_volcano_entry_hallway,
          nicolae_quartered_pool_little, uniq_sonja
Lair:2:   layout_cave_pods, special_room [special_room_bee], lemuel_fruit_fields
Lair:3:   layout_long_grid, skrybe_swamp_entry_bodies,
          minmay_snake_entry_guardpost_small, uniq_rupert
Lair:4:   layout_cave_pods, chequers_serial_rivers_small_b,
          serial_bayou_lagoon_a, grunt_megastairs_2
Lair:5:   layout_long_grid, basic_altar, grunt_megastairs_4
Lair:6:   cheibrodos_lair_end_hotspot, layout_regular_city, slime_dummy
Swamp:1:  layout_basic_swamp, infiniplex_staircase_pool_2,
          cheibrodos_swamp_slimy
Swamp:2:  layout_falls_marsh, lemuel_altar_in_water, swamp_pool1
Swamp:3:  layout_falls_marsh, hangedman_swamp_diagram
Swamp:4:  swamp_alternative, layout_basic_swamp, swamp_pool1, worms_lemuel
Orc:1:    layout_caves, mines1_david
Orc:2:    st_orc_town, layout_diamond_mine
Depths:1: layout_forbidden_donut, hangedman_geh_valley,
          grunt_pan_entry_in_and_out, nrook_campfire,
          muffindrake_ghost_three_little_ghosts, due_unseen_surprise

Skill      XL: |  1  2  3  4  5  6  7  8  9 10 11 12 13 14 15 16 17 18 |
---------------+-------------------------------------------------------+-----
Throwing       | 5 6 7 8 10 11 12 13 15 16 | 16.0
Armour         | 3 5 9 11 | 11.0
Invocations    | 1 5 7 8 9 10 | 10.0
Shields        | 5 8 11 13 15 | 15.0
Evocations     | 8 10 | 10.0
Summonings     | 8 10 | 10.4
Ice Magic      | 6 10 11 | 11.3
Hexes          | 5 9 10 | 10.1
Dodging        | 4 7 |  7.7
Spellcasting   | 2 |  2.0
Fighting       | |  2.4
Stealth        | |  0.8

Action                   |  1- 3 |  4- 6 |  7- 9 | 10-12 | 13-15 | 16-18 || total
-------------------------+-------+-------+-------+-------+-------+-------++-------
Melee: Short sword       |    89 |   117 |   138 |       |       |       ||   344
       Unarmed           |     1 |     4 |       |       |       |       ||     5
       Dagger            |       |       |    89 |   268 |    44 |       ||   401
       Hunting sling     |       |       |       |       |       |     1 ||     1
 Fire: Hunting sling     |       |       |       |   533 |  1615 |  1936 ||  4084
Throw: Javelin           |     3 |     6 |    36 |    11 |     7 |    79 ||   142
       Stone             |    57 |   160 |   252 |   211 |       |       ||   680
       Dart              |       |    13 |    71 |    46 |   106 |    51 ||   287
       Throwing net      |       |       |     5 |     1 |       |       ||     6
       Boomerang         |       |       |       |    40 |     8 |   321 ||   369
 Cast: Call Imp          |       |       |       |       |       |    44 ||    44
       Summon Ice Beast  |       |       |       |       |       |     7 ||     7
Invok: Slouch            |       |       |       |     2 |     3 |    13 ||    18
       Bend Time         |       |       |       |       |     1 |     1 ||     2
 Abil: Hop               |     1 |     5 |    12 |    29 |    94 |    28 ||   169
Evoke: Wand              |       |       |       |     7 |     8 |    15 ||    30
       Tin of tremorston |       |       |       |       |       |     4 ||     4
       Phial of floods   |       |       |       |       |       |     1 ||     1
  Use: Scroll            |     5 |       |       |    15 |    12 |     4 ||    36
       Potion            |     2 |     3 |     1 |     2 |     2 |     3 ||    13
 Stab: Sleeping          |       |       |       |     1 |       |       ||     1
Armor: Leather armour    |    28 |     1 |       |    37 |       |       ||    66
       Skin              |     4 |     1 |       |       |       |       ||     5
       Chain mail        |       |    76 |       |    55 |   158 |   245 ||   534
       Plate armour      |       |    37 |    58 |       |       |       ||    95
       Scale mail        |       |       |   109 |    39 |       |       ||   148
Dodge: Dodged            |    89 |    42 |   131 |   138 |   216 |   400 ||  1016
Block: Kite shield       |       |       |    83 |   427 |   732 |  1012 ||  2254
       Reflection        |       |       |       |    15 |    39 |    65 ||   119

Table legend: (Time is in decaauts)
 A = Elapsed time spent in this place.
 B = Non-inter-level travel time spent in this place.
 C = Inter-level travel time spent in this place.
 D = Time resting spent in this place.
 E = Time spent auto-exploring this place.
 F = Levels seen in this place.
 G = Mean time per level.
                   A        B        C        D        E       F      G
               +--------+--------+--------+--------+--------+-----+--------+
         Total |  72722 |  65404 |   7318 |   7415 |  48150 |  30 | 2424.1 |
       Dungeon |  36111 |  32551 |   3560 |   4511 |  23551 |  15 | 2407.4 |
        Temple |     20 |     11 |      9 |      0 |      0 |   1 |   20.0 |
          Lair |  20071 |  17016 |   3055 |   2156 |  12709 |   6 | 3345.2 |
         Swamp |  11282 |  10805 |    477 |    279 |   8826 |   4 | 2820.5 |
  Orcish Mines |   3748 |   3533 |    215 |     15 |   2627 |   2 | 1874.0 |
        Depths |    144 |    144 |      0 |     74 |      5 |   1 |  144.0 |
       Volcano |   1344 |   1344 |      0 |    379 |    429 |   1 | 1344.0 |
               +--------+--------+--------+--------+--------+-----+--------+

Top non-repeatable levels by time:
  Lair:6: 4762 daAuts
     D:7: 3606 daAuts
  Lair:5: 3489 daAuts
    D:11: 3364 daAuts
  Lair:3: 3280 daAuts
 Swamp:2: 3224 daAuts
     D:3: 3147 daAuts
  Lair:2: 3086 daAuts
    D:14: 3058 daAuts
 Swamp:4: 2898 daAuts
 Swamp:3: 2843 daAuts
    D:10: 2840 daAuts
  Lair:1: 2767 daAuts
  Lair:4: 2685 daAuts
    D:15: 2492 daAuts
